 Dungeon Crawl Stone Soup version 0.28-a0-779-g3d1f99b579 (webtiles) character file.

Game seed: 4118811359111410147

6766 ders the Fighter (level 11, -8/76 HPs)
             Began as a Gargoyle Fighter on Nov 2, 2021.
             Was a Follower of Yredelemnul.
             Killed by divine providence
             ... invoked by an orc priest
             ... led by an orc warlord
              (10 damage)
             ... on level 1 of the Orcish Mines.
             The game lasted 00:32:24 (16078 turns).

ders the Fighter (Gargoyle Fighter)                Turns: 16078, Time: 00:32:25

Health: -8/76      AC: 21    Str: 23    XL:     11   Next: 4%
Magic:  14/14      EV: 14    Int: 13    God:    Yredelemnul [*.....]
Gold:   890        SH:  4    Dex:  9    Spells: 10/10 levels left

rFire   . . .      SeeInvis .   k - +4 war axe
rCold   + . .      Faith    +   c - +0 buckler
rNeg    + . .      Spirit   .   C - +4 ring mail "Hutevyth" {Int+4}
rPois   ∞          Reflect  .   A - +2 hat
rElec   +          Harm     .   (no cloak)
rCorr   .          Rampage  .   (no gloves)
Will    .....                   m - +1 pair of boots
Stlth   ..........              q - amulet of faith
HPRegen 0.22/turn               f - ring of protection from cold
MPRegen 0.14/turn               r - +4 ring of evasion

@: flying
A: sickness immunity, AC +8, negative energy resistance 1, electricity
resistance, torment resistance 1, petrification resistance, claws 1
a: Renounce Religion, Animate Remains


You were on level 1 of the Orcish Mines.
You worshipped Yredelemnul.
Yredelemnul was aware of your devotion.
You visited 4 branches of the dungeon, and saw 15 of its levels.
You also visited: Ossuary.

You collected 890 gold pieces.

Inventory:

Hand Weapons
 a - a +0 flail
 h - a +2 whip of electrocution
 k - a +4 war axe (weapon)
 y - a +1 vampiric spear
Armour
 b - a +0 scale mail
 c - a +0 buckler (worn)
 m - a +1 pair of boots (worn)
 A - a +2 hat (worn)
 C - the +4 ring mail "Hutevyth" (worn) {Int+4}
   (You found it on level 1 of the Lair of Beasts)

   Int:       It affects your intelligence (+4).
Jewellery
 d - a ring of protection from cold
 f - a ring of protection from cold (left claw)
 o - a +6 ring of intelligence
 q - an amulet of faith (around neck)
 r - a +4 ring of evasion (right claw)
 x - a +6 ring of intelligence
Wands
 v - a wand of digging (1)
 w - a wand of flame (17)
Scrolls
 e - 2 scrolls of identify
 j - 2 scrolls of enchant armour
 l - a scroll of noise
Potions
 g - 4 potions of brilliance
 s - a potion of mutation
 t - 5 potions of lignification
 z - 3 potions of attraction


   Skills:
 * Level 12.6 Fighting
 * Level 8.0(9.1) Axes
 - Level 7.3(9.2) Maces & Flails
 - Level 3.3 Armour
 - Level 3.3 Shields
 * Level 4.8 Invocations


You had 10 spell levels left.
You didn't know any spells.
Your spell library contained the following spells:

 Spells                   Type           Power      Damage    Failure   Level
 Call Canine Familiar     Summ           0%         N/A       83%         3
 Dazzling Flash           Conj/Hex       0%         N/A       83%         3
 Portal Projectile        Hex/Tloc       0%         N/A       83%         3
 Iskenderun's Mystic Bla  Conj/Tloc      0%         2d3       99%         4
 Leda's Liquefaction      Hex/Erth       0%         N/A       99%         4
 Petrify                  Tmut/Erth      0%         N/A       99%         4
 Metabolic Englaciation   Hex/Ice        0%         N/A       100%        5
 Starburst                Conj/Fire      0%         6d3       100%        6
 Statue Form              Tmut/Erth      Unusable   N/A       N/A         6

Dungeon Overview and Level Annotations

Branches:
Dungeon (11/15)            Temple (1/1) D:6            Lair (1/6) D:10
    Orc (2/2) D:10        Ossuary (visited)
    Elf: Orc:2

Altars:
Ashenzari
Cheibriados
Dithmenos
Elyvilon
Fedhas
Gozag
Hepliaklqana
Kikubaaqudgha
Makhleb
Nemelex Xobeh
Okawaru
Qazlal
Ru
Sif Muna
Trog
Uskayaw
Vehumet
Wu Jian
Xom
Yredelemnul
Zin
The Shining One
Beogh

Shops:
D:1 :   D:6 [   D:10 *

Portals:
Gauntlet: D:11


Innate Abilities, Weirdness & Mutations

You are immune to sickness and miasma.
Your stone body is resilient. (AC +8)
You are immune to poison.
You resist negative energy. (rN+)
You are resistant to electric shocks. (rElec)
You are resistant to unholy torment.
You are immune to petrification.
You have sharp fingernails.


Message History

The orc misses you.
The orc sorcerer hits you with a +0 dagger.
You feel very buoyant.
You fly up into the air.
The orc sorcerer hits you but does no damage.
The orc priest calls upon Beogh to heal the orc priest.
The orc priest is healed somewhat.
The orc warrior hits you but does no damage.
An orc wizard comes into view. It is wielding a +0 dagger.
The gnoll hits you but does no damage. Something hits you but does no damage.
The orc priest invokes the aid of Beogh against you.
Something writhes in agony.
The orc warlord roars a battlecry!
The orc priest goes into a battle-frenzy!
The orc wizard mumbles some strange words.
The orc wizard flickers and vanishes!
The orc priest calls upon Beogh to heal the orc priest.
The orc priest's wounds heal themselves!
The gnoll hits you from afar with a +0 spear.
The orc priest invokes the aid of Beogh against you.
Beogh smites you!
* * * LOW HITPOINT WARNING * * *
A gnoll comes into view. It is wielding a +0 flail.
The orc priest no longer looks unusually strong.
The orc priest begins to cast a cantrip, but forgets the words!
The orc warlord roars a battlecry!
The orc priest goes into a battle-frenzy!
The orc no longer looks unusually strong.
The orc priest looks braver for a moment.
The orc priest no longer looks unusually strong. x2
The orc priest invokes the aid of Beogh against you.
Beogh smites you!
* * * LOW HITPOINT WARNING * * *
You hear a shout!
Found 10 gold pieces.
The orc priest looks satisfied for a moment.
The orc priest calls down the wrath of Beogh upon you.
Beogh smites you!
You die...
Your body rises from the dead as a mindless zombie.

## .# # ###.### ..
#..##.# ...# ###o....###
.....## #...o.....#
$......###.o.o...#####
.^.....@#.o..oo......#
........og.ooooo...$###
.#.#...$....$.#o$.....##
##.....)...#.g....)#.
##.......######..)...#
#...........#......$.#
##...........#.o.....##
#...................##
o........^......)....##


You could see 2 orc priests, a gnoll and 3 orcs.

Vanquished Creatures
  A cane toad (D:10)
  2 komodo dragons
  2 trolls
  Grinder (D:4)
  3 yaks (D:10)
  A spriggan (D:10)
  A shadow (D:9)
  A human (D:8)
  A wraith (Ossuary)
  3 wyverns
  A steam dragon (D:7)
  Duvessa (D:4)
  2 water moccasins
  4 orc warriors
  2 black bears
  A sky beast (D:5)
  A necrophage (D:5)
  A centaur (D:9)
  An ogre (D:4)
  A phantom (D:5)
  A kobold brigand (D:10)
  2 bullfrogs (Lair:1)
  2 elf zombies (Ossuary)
  Blork the orc (D:6)
  2 gnoll sergeants
  Dowan (D:4)
  A water moccasin zombie (D:5)
  4 wights
  8 howler monkeys
  3 hounds
  3 centaur zombies
  A centaur skeleton (D:5)
  7 orc priests
  4 iguanas
  7 orc wizards
  Terence (D:2)
  A killer bee zombie (D:8)
  3 mummies (Ossuary)
  Robin (D:4)
  A howler monkey zombie (D:9)
  8 adders
  7 gnolls
  4 ufetubi
  An adder skeleton (D:4)
  2 worms
  A dart slug (D:1)
  20 orcs
  4 ball pythons
  7 endoplasms
  3 giant cockroaches
  2 gnoll zombies (Ossuary)
  14 goblins
  11 hobgoblins
  6 quokkas
  3 bats
  3 frilled lizards
  4 goblin zombies
  A hobgoblin zombie (Ossuary)
  8 kobolds
  3 kobold zombies (Ossuary)
  3 rats
200 creatures vanquished.

Vanquished Creatures (collateral kills)
  A troll (D:10)
  A basilisk (Lair:1)
  A kobold (D:10)
3 creatures vanquished.

Vanquished Creatures (others)
  An orc wizard (D:9)
  2 bullfrog zombies (Lair:1)
  A wyvern zombie (D:10)
  3 orcs (Orc:1)
  2 yak zombies (D:10)
  2 howler monkey zombies
  4 fungi (D:5)
  14 plants (D:10)
29 creatures vanquished.

Grand Total: 232 creatures vanquished

Notes
Turn   | Place    | Note
-------+----------+-------------------------------------------
     0 | D:1      | ders the Gargoyle Fighter began the quest for the Orb.
     0 | D:1      | Reached XP level 1. HP: 14/14 MP: 1/1
   261 | D:1      | Reached XP level 2. HP: 19/19 MP: 2/2
  1244 | D:1      | Found Fohuc's Book Shoppe.
  1346 | D:2      | Noticed Terence
  1359 | D:2      | Killed Terence
  1360 | D:2      | Reached skill level 4 in Fighting
  1360 | D:2      | Reached XP level 3. HP: 10/24 MP: 3/3
  1646 | D:2      | Reached XP level 4. HP: 25/30 MP: 4/4
  1798 | D:2      | Found a faded altar of an unknown god.
  3318 | D:4      | Reached skill level 5 in Fighting
  3318 | D:4      | Reached XP level 5. HP: 16/35 MP: 5/5
  3516 | D:4      | Noticed a black bear
  3534 | D:4      | Killed a black bear
  3535 | D:4      | Reached XP level 6. HP: 30/41 MP: 6/6
  3649 | D:4      | Noticed Robin
  4329 | D:4      | Noticed Dowan
  4330 | D:4      | Noticed Duvessa
  4546 | D:5      | Entered Level 5 of the Dungeon
  4604 | D:5      | Reached skill level 6 in Fighting
  4695 | D:5      | Reached skill level 5 in Maces & Flails
  5074 | D:5      | Noticed a sky beast
  5108 | D:5      | Killed a sky beast
  5109 | D:5      | Reached XP level 7. HP: 38/47 MP: 7/7
  5338 | D:5      | Found a stormy altar of Qazlal.
  5548 | D:5      | Reached skill level 7 in Fighting
  5611 | D:6      | HP: 2/48 [cloud of flame (9)]
  5983 | D:6      | Found Deiraij's Armour Emporium.
  5999 | D:6      | Found a staircase to the Ecumenical Temple.
  6012 | Temple   | Entered the Ecumenical Temple
  6165 | D:6      | Noticed Blork the orc
  6176 | D:6      | Killed Blork the orc
  6324 | D:6      | Reached XP level 8. HP: 53/53 MP: 8/8
  6331 | D:6      | Found a sacrificial altar of Ru.
  6335 | D:6      | Found a glowing golden altar of the Shining One.
  6340 | D:6      | Found an ancient bone altar of Kikubaaqudgha.
  6372 | D:6      | Found an ornate altar of the Wu Jian Council.
  7040 | D:7      | Reached skill level 8 in Fighting
  8311 | D:6      | Reached skill level 1 in Axes
  8778 | D:7      | Reached skill level 9 in Fighting
  8918 | D:8      | Found a sand-covered staircase.
  8926 | Ossuary  | Entered an ossuary
  8926 | Ossuary  | Noticed a wraith
  8926 | Ossuary  | Noticed a wraith
  8926 | Ossuary  | Noticed a wraith
  8948 | Ossuary  | Reached XP level 9. HP: 59/60 MP: 9/9
  9671 | D:8      | Found a runed translucent door.
  9675 | D:8      | Found a basalt altar of Yredelemnul.
  9754 | D:8      | Noticed a two-headed ogre
  9755 | D:8      | Noticed a cyclops
  9755 | D:8      | Noticed a jumping spider
  9757 | D:8      | Noticed a skeletal warrior
  9758 | D:8      | Noticed a gargoyle
  9758 | D:8      | Noticed a manticore
  9771 | D:8      | Noticed a kobold demonologist
  9803 | D:8      | Noticed a swamp dragon
 10245 | D:8      | Reached skill level 10 in Fighting
 10259 | D:8      | Became a worshipper of Yredelemnul the Dark
 10377 | D:4      | You fall into a shaft and drop 1 floor!
 10416 | D:4      | Noticed Grinder
 10422 | D:4      | Paralysed by Grinder for 2 turns
 10437 | D:4      | Paralysed by Grinder for 5 turns
 10444 | D:4      | Killed Grinder
 10564 | D:4      | Killed Robin
 10624 | D:4      | Reached skill level 5 in Axes
 10898 | D:4      | Killed Duvessa
 10902 | D:4      | Killed Dowan
 11516 | D:9      | Noticed a troll
 11745 | D:8      | Reached skill level 11 in Fighting
 11925 | D:8      | Killed a troll
 11926 | D:8      | Reached XP level 10. HP: 52/70 MP: 10/10
 12526 | D:9      | Noticed a two-headed ogre
 12756 | D:9      | Reached * piety under Yredelemnul
 13261 | D:10     | Entered Level 10 of the Dungeon
 13368 | D:10     | Reached skill level 1 in Invocations
 13428 | D:10     | Gained mutation: You are somewhat resistant to further
                  | mutation. [potion of mutation]
 13694 | D:10     | Found a staircase to the Lair.
 13717 | D:10     | Reached skill level 12 in Fighting
 13727 | D:10     | Found a glowing silver altar of Zin.
 13846 | D:10     | Found Vint's Assorted Antiques.
 14045 | D:10     | Found a staircase to the Orcish Mines.
 14464 | D:11     | Found a gate leading to a gauntlet.
 14494 | D:11     | Noticed a boulder beetle
 14631 | Lair:1   | Entered Level 1 of the Lair of Beasts
 14669 | Lair:1   | Noticed a cane toad
 14706 | D:10     | Killed a cane toad
 15129 | Lair:1   | Identified the +4 ring mail "Hutevyth" {Int+4}
 15472 | Lair:1   | Reached XP level 11. HP: 74/76 MP: 14/14
 15694 | Orc:1    | Entered Level 1 of the Orcish Mines
 15859 | Orc:2    | Entered Level 2 of the Orcish Mines
 16043 | Orc:1    | Noticed an orc warlord
 16043 | Orc:1    | Noticed an orc sorcerer
 16048 | Orc:1    | Lost mutation: You are somewhat resistant to further
                  | mutation. [potion of mutation]
 16048 | Orc:1    | Gained mutation: You have sharp fingernails. [potion of
                  | mutation]
 16077 | Orc:1    | HP: 2/76 [orc priest/divine providence[an orc warlord]
                  | (12)]
 16078 | Orc:1    | Killed from afar by an orc priest

Illustrated notes

Levels and vault maps discovered:
D:1:      tarquinn_simple_flora_water_c, layout_loops_corners, serial_forest,
          infiniplex_forest_clump_diagonal, infiniplex_forest_end_3,
          infiniplex_forest_straight_1, infiniplex_forest_clump_small,
          infiniplex_forest_lined_4_way, infiniplex_forest_clump_medium,
          infiniplex_forest_end_1, serial_shops, shop
D:2:      layout_loops_ring, shapermc_ecumenical_altar_pompeii, minmay_unequal,
          uniq_terence
D:3:      layout_loops_corners, minmay_misc_feat_cross
D:4:      layout_gridville, uniq_duvessa, uniq_grinder, uniq_robin
D:5:      layout_basic, mainiacjoe_overflow_chevrons
D:6:      layout_rooms, nicolae_overflow_quartered_altars,
          minmay_temple_entry_stoned_glass, serial_shops, shop, nrook_campfire,
          uniq_blork_the_orc
D:7:      layout_gridville
D:8:      layout_rooms, dk_yredelemnul_ordeal, chequers_ossuary_entry_cave,
          minivault_12
D:9:      layout_gridville, minmay_alternating_orb, uniq_grum
D:10:     layout_roguey, zin_scriptorium, david_lair_shrubbed, serial_shops,
          nicolae_shop_stone, the_hattery
D:11:     minmay_the_grid_triangle_9x9_rhombus_thin_mashed
          [minmay_the_grid_triangle_9x9_sprig,
          minmay_the_grid_triangle_9x9_prize_schism,
          minmay_the_grid_triangle_9x9_intruding_spiral,
          minmay_the_grid_triangle_9x9_minimal], layout_small_grid,
          gauntlet_entry_generic
Temple:   regret_index_temple_waves
Lair:1:   layout_misc_corridors
Orc:1:    layout_diamond_mine, basic_altar, lemuel_statue_altar
Orc:2:    grunt_orc_community_town_hall, layout_diamond_mine,
          grunt_orc_community_big_house_1, grunt_orc_community_big_house_2,
          grunt_orc_community_house_1, grunt_orc_community_house_3,
          grunt_orc_community_house_1, grunt_orc_community_house_3,
          grunt_orc_community_house_1, serial_shops, shop,
          nicolae_orc_tapped_out

Skill      XL: |  1  2  3  4  5  6  7  8  9 10 11 |
---------------+----------------------------------+-----
Fighting       | 4 5 6 7 9 11 12 | 12.6
Maces & Flails | 3 4 5 6 7 |  7.3
Axes           | 2 6 7 8 |  8.0
Invocations    | 4 |  4.8
Armour         | |  3.3
Shields        | |  3.3

Action                   |  1- 3 |  4- 6 |  7- 9 | 10-12 || total
-------------------------+-------+-------+-------+-------++-------
Melee: Flail             |   105 |    94 |       |       ||   199
       Whip              |       |   102 |   116 |       ||   218
       War axe           |       |       |   236 |   188 ||   424
Invok: Animate Remains   |       |       |       |    13 ||    13
Evoke: Wand              |       |       |       |     1 ||     1
  Use: Potion            |       |     7 |     5 |    11 ||    23
       Scroll            |       |     3 |    18 |     4 ||    25
 Stab: Invisible         |       |     1 |       |       ||     1
       Distracted        |       |       |     1 |       ||     1
Armor: Scale mail        |    62 |   132 |   192 |    63 ||   449
       Ring mail         |       |       |       |    23 ||    23
Dodge: Dodged            |    49 |    90 |   209 |   134 ||   482
Block: Buckler           |    25 |    37 |    64 |    38 ||   164

Table legend: (Time is in decaauts)
 A = Elapsed time spent in this place.
 B = Non-inter-level travel time spent in this place.
 C = Inter-level travel time spent in this place.
 D = Time resting spent in this place.
 E = Time spent auto-exploring this place.
 F = Levels seen in this place.
 G = Mean time per level.
                   A        B        C        D        E       F      G
               +--------+--------+--------+--------+--------+-----+--------+
         Total |  16210 |  14914 |   1296 |   5896 |   6155 |  16 | 1013.1 |
       Dungeon |  14186 |  13006 |   1180 |   5156 |   5491 |  11 | 1289.6 |
        Temple |    133 |    102 |     31 |      0 |     88 |   1 |  133.0 |
          Lair |    782 |    719 |     63 |    250 |    304 |   1 |  782.0 |
  Orcish Mines |    385 |    363 |     22 |    175 |      0 |   2 |  192.5 |
       Ossuary |    723 |    723 |      0 |    315 |    272 |   1 |  723.0 |
               +--------+--------+--------+--------+--------+-----+--------+

Top non-repeatable levels by time:
     D:8: 2160 daAuts
     D:5: 1747 daAuts
    D:10: 1593 daAuts
     D:3: 1583 daAuts
     D:1: 1353 daAuts
     D:4: 1351 daAuts
     D:6: 1221 daAuts
     D:7: 1196 daAuts
     D:2: 1050 daAuts
     D:9: 859 daAuts
  Lair:1: 782 daAuts
 Ossuary: 723 daAuts
   Orc:1: 200 daAuts
   Orc:2: 184 daAuts
  Temple: 133 daAuts
